 Dungeon Crawl Stone Soup version 0.28.0-53-g5a82cb258f (webtiles) character file.

Game seed: 1339515398562081927

12917 sanboga the Grappler (level 11, -9/113 HPs)
             Began as a Troll Berserker on July 29, 2022.
             Was a High Priest of Trog.
             Mangled by a death knight
             ... wielding a +0 battleaxe
              (20 damage)
             ... on level 11 of the Dungeon.
             The game lasted 00:12:55 (9420 turns).

sanboga the Grappler (Troll Berserker)              Turns: 9420, Time: 00:12:56

Health: -9/113     AC: 10    Str: 31    XL:     11   Next: 68%
Magic:  10/10      EV: 11    Int:  3    God:    Trog [*****.]
Gold:   653        SH:  5    Dex:  9    Spells: 10/10 levels left

rFire   . . .      SeeInvis .     - Unarmed
rCold   . . .      Faith    .   (no shield)
rNeg    . . .      Spirit   .   g - +0 acid dragon scales
rPois   .          Reflect  +   h - +2 hat {Stlth+}
rElec   .          Harm     .   (no cloak)
rCorr   +          Rampage  .   (gloves unavailable)
Will    .....                   (boots unavailable)
Stlth   ++........              v - amulet of reflection
HPRegen 1.08/turn               l - +4 ring of slaying
MPRegen 0.12/turn               (no ring)

@: about to teleport, slowed, very slow
A: large, unfitting armour, claws 3, regeneration 1, shaggy fur 1, tough skin 1
a: Renounce Religion, Berserk, Trog's Hand, Brothers in Arms


You were on level 11 of the Dungeon.
You worshipped Trog.
Trog was extremely pleased with you.
You visited 2 branches of the dungeon, and saw 12 of its levels.
You also visited: Ossuary.

You collected 653 gold pieces.

Inventory:

Hand Weapons
 x - a +7 giant spiked club of flaming
Armour
 g - +0 acid dragon scales (worn)
 h - a +2 hat of stealth (worn)
Jewellery
 l - a +4 ring of slaying (left claw)
 v - an amulet of reflection (around neck)
Wands
 a - a wand of iceblast (7)
 o - a wand of mindburst (12)
 p - a wand of polymorph (4)
 r - a wand of flame (25)
Scrolls
 b - 8 scrolls of teleportation
 c - a scroll of brand weapon
 d - 2 scrolls of fear
 i - a scroll of summoning
 j - a scroll of identify
Potions
 e - 2 potions of cancellation {unknown}
 f - a potion of resistance {unknown}
 m - a potion of flight
 q - 3 potions of heal wounds
 t - a potion of berserk rage
 z - a potion of mutation
 B - 3 potions of brilliance {unknown}
 D - a potion of haste {unknown}


   Skills:
 + Level 8.4 Fighting
 + Level 8.4 Dodging
 * Level 13.6 Unarmed Combat


You had 10 spell levels left.
You didn't know any spells.
Your spell library was empty.

Dungeon Overview and Level Annotations

Branches:
Dungeon (11/15)            Temple (0/1) D:7            Lair (0/6) D:8
    Orc (1/2) D:9         Ossuary (visited)

Altars:
Elyvilon
Kikubaaqudgha
Makhleb
Nemelex Xobeh
Qazlal
Ru
Vehumet
Xom

Shops:
D:6 *   D:9 [

Portals:
Trove: D:10 (give +4 fire dragon scales)

Annotations:
D:9 3 runed translucent doors, Tiocfaidh's ghost, journeyman DsFi; bnorton916's ghost, novice DEFE; cbfl8's ghost, novice MiFi; turdburglar's ghost, novice DsGl


Innate Abilities, Weirdness & Mutations

You are too large for most types of armour.
You have claws for hands.
Your natural rate of healing is unusually fast.
You are covered in fur. (AC +1)
You have tough skin. (AC +1)


Message History

5 large rocks; a cyclops corpse A death knight comes into view.
It is wielding a +0 battleaxe.
The death knight shouts!
You claw the freezing wraith!
The freezing wraith is moderately damaged.
The freezing wraith hits you but does no damage.
The freezing wraith barely misses you.
You scratch the freezing wraith but do no damage.
The freezing wraith is moderately damaged.
A wraith comes into view.
You block the freezing wraith's attack. The freezing wraith barely misses you.
The death knight offers itself to Yredelemnul, and fills with unholy energy.
You mangle the freezing wraith!!
The freezing wraith is almost destroyed.
The freezing wraith hits you but does no damage.
The freezing wraith hits you. The freezing wraith drains your vigour!
You feel yourself slow down.
You scratch the freezing wraith.
You destroy the freezing wraith!
Trog accepts your kill.
A wraith comes into view.
The death knight mumbles some strange prayers to Yredelemnul against you.
Your body is wracked with pain!
You hear a shout!
The death knight hits you with a +0 battleaxe!!
* * * LOW HITPOINT WARNING * * *
The wraith barely misses you.
You are too injured to fight recklessly!
You are too injured to fight recklessly!
As you read the scroll labelled PEOPADOH XURPHO, it crumbles to dust.
You feel strangely unstable.
It was a scroll of teleportation.
The death knight hits you with a +0 battleaxe!
* * * LOW HITPOINT WARNING * * *
The wraith hits you.
* * * LOW HITPOINT WARNING * * *
The wraith drains your vigour!
You feel as though you will be slow longer.
The wraith misses you.
The death knight hits you with a +0 battleaxe!!
You die...

#...........##.##
...............#
..............##
...............#
..........$....#
#........(.....#
#...........##
####.......##
#.@W##### #.pW##
#...## ....#
#..... #.....
##..^. #...


You could see a death knight (reflects damage) and 2 wraiths.

Vanquished Creatures
  5 skeletal warriors
  A wizard (D:10)
  An orc knight (D:10)
  2 cyclopes
  A manticore (D:10)
  A freezing wraith (D:11)
  A tengu conjurer (D:10)
  A komodo dragon (D:10)
  A troll (shapeshifter) (D:10)
  2 trolls
  Sigmund (D:6)
  A shadow (D:11)
  A wyvern (D:6)
  5 yaks (D:9)
  3 steam dragons
  2 acid dragons
  4 water moccasins
  An ice beast (D:7)
  2 orc warriors
  A black bear (D:7)
  A necrophage (D:8)
  7 centaurs
  2 ogres
  An elf zombie (Ossuary)
  3 kobold brigands
  A scorpion (D:7)
  4 bullfrogs
  A gnoll sergeant (D:8)
  A wyvern skeleton (D:7)
  A water moccasin skeleton (D:5)
  The ghost of Zerkas the Skirmisher, a weakling HOFi (D:3)
  5 killer bees (D:9)
  A wight (D:7)
  A howler monkey (D:9)
  2 electric eels (D:7)
  A bullfrog zombie (D:5)
  4 centaur zombies
  5 orc priests
  3 gnoll shamans
  2 hounds
  A jelly (D:4)
  4 human zombies (Ossuary)
  Natasha (thrice) (D:2)
  4 iguanas
  9 orc wizards
  A killer bee zombie (D:5)
  A hound skeleton (D:5)
  A howler monkey zombie (D:10)
  2 mummies (Ossuary)
  Robin (D:3)
  A howler monkey skeleton (D:5)
  23 gnolls
  8 adders
  2 shadow imps
  2 white imps
  2 ufetubi
  3 worms
  4 dart slugs
  56 orcs
  2 ball pythons (D:2)
  7 endoplasms
  19 goblins
  12 hobgoblins
  2 jackals (D:4)
  20 kobolds
  A quokka (D:5)
  4 bats
  A frilled lizard (D:3)
  A goblin zombie (Ossuary)
  11 hobgoblin zombies (Ossuary)
  2 jackal zombies (Ossuary)
  7 kobold zombies (Ossuary)
  10 orc zombies (Ossuary)
  3 rats (D:1)
  A rat zombie (Ossuary)
315 creatures vanquished.

Vanquished Creatures (others)
  A fungus (D:3)
  2 withered plants (D:9)
3 creatures vanquished.

Grand Total: 318 creatures vanquished

Notes
Turn   | Place    | Note
-------+----------+-------------------------------------------
     0 | D:1      | sanboga the Troll Berserker began the quest for the Orb.
     0 | D:1      | Reached XP level 1. HP: 22/22 MP: 0/0
   116 | D:1      | Reached XP level 2. HP: 29/29 MP: 1/1
   596 | D:2      | Reached ** piety under Trog
   824 | D:2      | Reached XP level 3. HP: 33/36 MP: 2/2
  1069 | D:2      | Reached skill level 4 in Unarmed Combat
  1132 | D:2      | Noticed Natasha
  1138 | D:2      | Killed Natasha
  1139 | D:2      | Reached XP level 4. HP: 45/45 MP: 3/3
  1194 | D:2      | Noticed Natasha
  1206 | D:2      | Killed Natasha
  1300 | D:2      | Noticed Natasha
  1310 | D:2      | Killed Natasha
  1311 | D:2      | Reached XP level 5. HP: 44/53 MP: 4/4
  1341 | D:2      | Found a shimmering altar of Xom.
  1475 | D:3      | Found a faded altar of an unknown god.
  1630 | D:3      | Noticed Robin
  1650 | D:3      | Killed Robin
  1664 | D:3      | Reached *** piety under Trog
  1693 | D:3      | Found a runed translucent gate.
  1693 | D:3      | Noticed Zerkas's ghost (weakling HOFi)
  1695 | D:3      | Found a runed translucent gate.
  1695 | D:3      | Found a runed translucent gate.
  1705 | D:3      | Identified the +0 pair of gloves "Ititam" {Int+2}
  1730 | D:3      | Killed Zerkas's ghost
  1731 | D:3      | Reached skill level 5 in Unarmed Combat
  1734 | D:3      | Reached XP level 6. HP: 61/61 MP: 5/5
  1911 | D:3      | Noticed a water moccasin
  1915 | D:3      | Killed a water moccasin
  2442 | D:4      | Found an ancient bone altar of Kikubaaqudgha.
  2670 | D:4      | Reached skill level 6 in Unarmed Combat
  2670 | D:4      | Reached XP level 7. HP: 66/68 MP: 6/6
  3232 | D:5      | Entered Level 5 of the Dungeon
  3232 | D:5      | Found a stormy altar of Qazlal.
  3310 | D:5      | Reached **** piety under Trog
  3483 | D:5      | Reached skill level 7 in Unarmed Combat
  3550 | D:5      | Found a burning altar of Makhleb.
  3564 | D:5      | Reached XP level 8. HP: 68/79 MP: 7/7
  3901 | D:5      | You fall into a shaft and drop 2 floors!
  3901 | D:7      | Found a sand-covered staircase.
  3908 | Ossuary  | Entered an ossuary
  3978 | Ossuary  | Reached ***** piety under Trog
  4025 | Ossuary  | Received a gift from Trog
  4131 | Ossuary  | Reached skill level 5 in Dodging
  4131 | Ossuary  | Reached skill level 8 in Unarmed Combat
  4136 | Ossuary  | Reached skill level 5 in Fighting
  4219 | D:7      | Found a radiant altar of Vehumet.
  4845 | D:6      | Found Pireiles's Elemental Accessories.
  4882 | D:6      | Noticed Sigmund
  4897 | D:6      | Reached XP level 9. HP: 88/88 MP: 8/8
  4900 | D:6      | Killed Sigmund
  4901 | D:6      | Reached skill level 9 in Unarmed Combat
  5468 | D:7      | Found a staircase to the Ecumenical Temple.
  5569 | D:7      | Reached skill level 10 in Unarmed Combat
  5692 | D:7      | Found a white marble altar of Elyvilon.
  5811 | D:7      | Found a sacrificial altar of Ru.
  6409 | D:8      | Reached XP level 10. HP: 31/100 MP: 9/9
  6630 | D:8      | Found a staircase to the Lair.
  6826 | D:9      | Found a sparkling altar of Nemelex Xobeh.
  6849 | D:9      | Noticed a skeletal warrior
  6849 | D:9      | Noticed a skeletal warrior
  6850 | D:9      | Noticed a skeletal warrior
  6851 | D:9      | Noticed a skeletal warrior
  6852 | D:9      | Noticed a skeletal warrior
  7057 | D:8      | Killed a skeletal warrior
  7058 | D:8      | Reached skill level 11 in Unarmed Combat
  7111 | D:8      | Killed a skeletal warrior
  7120 | D:8      | Killed a skeletal warrior
  7166 | D:9      | Killed a skeletal warrior
  7304 | D:9      | Killed a skeletal warrior
  7305 | D:9      | Reached skill level 12 in Unarmed Combat
  7474 | D:9      | Reached XP level 11. HP: 109/109 MP: 10/10
  7643 | D:9      | Found a staircase to the Orcish Mines.
  7742 | D:9      | Received a gift from Trog
  7953 | D:9      | Found a runed translucent gate.
  7953 | D:9      | Found a runed translucent gate.
  7953 | D:9      | Found a runed translucent gate.
  7955 | D:9      | Noticed turdburglar's ghost (novice DsGl)
  7955 | D:9      | Noticed cbfl8's ghost (novice MiFi)
  7956 | D:9      | Noticed Tiocfaidh's ghost (journeyman DsFi)
  7956 | D:9      | Noticed bnorton916's ghost (novice DEFE)
  7983 | D:9      | Found Bayajidda's Dragon-Slaying Spoils.
  8249 | D:10     | Entered Level 10 of the Dungeon
  8483 | D:10     | Reached skill level 13 in Unarmed Combat
  8604 | D:10     | Noticed an orc knight
  8611 | D:10     | Killed an orc knight
  8660 | D:10     | Noticed a wizard
  8661 | D:10     | Killed a wizard
  8807 | D:10     | Found a portal to a secret trove of treasure.
  9023 | Orc:1    | Entered Level 1 of the Orcish Mines
  9413 | D:11     | Noticed a death knight
  9420 | D:11     | Mangled by a death knight

Illustrated notes

Levels and vault maps discovered:
D:1:      minmay_arrival_up_and_down, layout_loops_ring
D:2:      layout_basic, basic_altar, uniq_natasha
D:3:      layout_basic, shapermc_ecumenical_altar_petra,
          gammafunk_ghost_nasty_kobolds, uniq_robin
D:4:      layout_gridville, kiku_gazebo_garden_becter, serial_co_window_serial,
          co_window_paths_b, co_window_paths_a, co_window_corner_a,
          co_window_paths_a, co_window_corner_a, co_window_of_opportunity_a,
          co_window_paths_b, co_window_2corner, co_window_2corner,
          co_window_of_opportunity_c, co_window_broadway_a, co_window_paths_c,
          co_window_4corner_b, co_window_4corner_a, glass_columns_a,
          minmay_misc_feat_plants
D:5:      minmay_inner_zag, layout_rooms,
          mainiacjoe_overflow_concentric_impassable, grunt_qazlal_sundering
D:6:      layout_cave_pods, nicolae_elemental_shop, uniq_sigmund
D:7:      layout_loops_ring, kennysheep_mini_moat, elyvilon_altar_5,
          general_overflow_altar, minmay_temple_entry_glassed_door,
          nicolae_ossuary_entry_monument, kennysheep_generic_room_2
D:8:      layout_loops_ring, lair_entry_dummy
D:9:      layout_long_grid, mainiacjoe_overflow_alcove_4, hiddenorc2_lemuel,
          gammafunk_ghost_cemetery, nicolae_shop_dragon_depot,
          minmay_misc_feat_hallway
D:10:     layout_loops_ring, enter_trove_3, kb_rosetta
D:11:     layout_cave_pods, serial_shops, shop, special_room [special_room_bee],
          uniq_erolcha, uniq_snorg
Orc:1:    layout_caves, serial_shops, shop

Skill      XL: |  1  2  3  4  5  6  7  8  9 10 11 |
---------------+----------------------------------+-----
Unarmed Combat | 4 5 6 7 8 10 12 13 | 13.6
Fighting       | 3 4 5 6 7 8 |  8.4
Dodging        | 3 4 5 6 7 8 |  8.4

Action                   |  1- 3 |  4- 6 |  7- 9 | 10-12 || total
-------------------------+-------+-------+-------+-------++-------
Melee: Unarmed           |    63 |   106 |   302 |   234 ||   705
       Punch             |     2 |       |    15 |    20 ||    37
Invok: Berserk           |       |     1 |     2 |     5 ||     8
  Use: Scroll            |       |       |    15 |     7 ||    22
       Potion            |       |       |     1 |       ||     1
 Stab: Sleeping          |     1 |     6 |     8 |       ||    15
Armor: Animal skin       |    20 |    28 |    67 |       ||   115
       Acid dragon scale |       |       |       |    55 ||    55
Dodge: Dodged            |    23 |    63 |   105 |   106 ||   297
Block: Other             |       |       |    37 |    49 ||    86
       Reflection        |       |       |     1 |     3 ||     4
